 Dungeon Crawl Stone Soup version 0.29.0-15-g675c0067aa (webtiles) character file.

Game seed: 16000614697808915842

33 EvilAshe the Shield-Bearer (level 3, -6/29 HPs)
             Began as a Human Fighter on Sept 11, 2022.
             Mangled by Natasha (7 damage)
             ... on level 1 of the Dungeon.
             The game lasted 00:05:31 (989 turns).

EvilAshe the Shield-Bearer (Human Fighter)           Turns: 989, Time: 00:05:32

Health: -6/29      AC:  6    Str: 18    XL:     3   Next: 47%
Magic:  3/3        EV:  9    Int:  8    God:
Gold:   16         SH:  4    Dex: 12    Spells: 2/2 levels left

rFire   . . .      SeeInvis .   a - +0 long sword
rCold   . . .      Faith    .   c - +0 buckler
rNeg    . . .      Spirit   .   b - +0 scale mail
rPois   .          Reflect  .   (no helmet)
rElec   .          Harm     .   (no cloak)
rCorr   .          Rampage  .   (no gloves)
Will    .....                   (no boots)
Stlth   ..........              (no amulet)
HPRegen 0.09/turn               (no ring)
MPRegen 0.08/turn               (no ring)

@: mighty
A: no striking features
a: no special abilities


You were on level 1 of the Dungeon.
You visited 1 branch of the dungeon, and saw 2 of its levels.

You collected 16 gold pieces.

Inventory:

Hand Weapons
 a - a +0 long sword (weapon)
Missiles
 f - 7 stones (quivered)
Armour
 b - a +0 scale mail (worn)
 c - a +0 buckler (worn)
Jewellery
 e - a ring of ice
 h - a ring of positive energy
Scrolls
 g - a scroll of poison {unknown}
 i - 2 scrolls of blinking {unknown}
 j - 2 scrolls of identify {unknown}
 k - a scroll of magic mapping {unknown}
 l - a scroll of vulnerability {unknown}


   Skills:
 + Level 3.2 Fighting
 * Level 2.7 Long Blades
 + Level 3.2 Armour
 + Level 3.2 Shields


You had 2 spell levels left.
You didn't know any spells.
Your spell library was empty.

Dungeon Overview and Level Annotations

Branches:
Dungeon (2/15)

Altars:

Annotations:
D:1 Natasha
D:2 Terence


Message History

Natasha is moderately wounded.
Natasha casts a spell.
You barely miss Natasha.
Natasha is moderately wounded.
Natasha barely misses you.
You closely miss Natasha.
Natasha is moderately wounded.
Natasha zaps a wand.
The puff of flame hits you. You block Natasha's attack.
You closely miss Natasha.
Natasha is moderately wounded.
The shadow imp closely misses you. Natasha claws you.
The shadow imp gestures at you. Pain shoots through your body!
Natasha casts a spell.
You barely miss the shadow imp.
Natasha zaps a wand.
The puff of flame hits you. The shadow imp hits you.
The shadow imp closely misses you.
The shadow imp attacks as you move away!
The shadow imp hits you. The shadow imp puffs mist at you.
The shadow imp barely misses you. The shadow imp gestures at you.
You barely resist. You block the shadow imp's attack.
The shadow imp attacks as you move away!
The shadow imp barely misses you. Natasha attacks as you move away!
Natasha claws you.
* * * LOW HITPOINT WARNING * * *
Natasha casts a spell at you. The magic dart hits you.
* * * LOW HITPOINT WARNING * * *
You feel very mighty all of a sudden.
Natasha mumbles some strange words.
Natasha glows brightly for a moment.
The shadow imp hits you.
* * * LOW HITPOINT WARNING * * *
You hit Natasha but do no damage.
Natasha is moderately wounded.
Natasha claws you!
You die...

#......).....................
#....####.........#...##....)
#.........#.......#......##..
#.........#..>..............#
#...........................#
###........)................#
#...................####...
#......##55h....#...# ##..
#.....####@....###..## ##.
#....##..............## ##
#...###...............#####
#...# #..........##........
###.#######..#######.#......
#........##.## #.###....
#........##.# #........
#........##.# ####.....
#....)...##.# ##.....


You could see Natasha and 2 shadow imps.

Vanquished Creatures
  An adder (D:2)
  An endoplasm (D:1)
  3 giant cockroaches (D:1)
  A hobgoblin (D:1)
  A jackal (D:1)
  A quokka (D:1)
  7 ball pythons (D:1)
  3 bats (D:1)
  3 goblins (D:1)
  A kobold (D:1)
  3 rats (D:1)
25 creatures vanquished.

Notes
Turn   | Place    | Note
-------+----------+-------------------------------------------
     0 | D:1      | EvilAshe the Human Fighter began the quest for the Orb.
     0 | D:1      | Reached XP level 1. HP: 18/18 MP: 1/1
   201 | D:1      | Reached XP level 2. HP: 24/24 MP: 2/2
   502 | D:1      | Found a faded altar of an unknown god.
   510 | D:1      | Noticed a great orb of eyes
   512 | D:1      | Noticed a great orb of eyes
   512 | D:1      | Noticed an eye of devastation
   512 | D:1      | Noticed a great orb of eyes
   550 | D:1      | Reached XP level 3. HP: 29/29 MP: 3/3
   750 | D:2      | Noticed Terence
   828 | D:2      | Noticed Natasha
   988 | D:1      | HP: 1/29 [shadow imp[Natasha] (4)]
   989 | D:1      | Mangled by Natasha

Illustrated notes

Levels and vault maps discovered:
D:1:      spicycebolla_green_bress_n_ham_2, layout_rooms,
          hellmonk_ecumenical_altar_watching_god, st_stairs_4
D:2:      layout_basic, minmay_pentomino_o4, uniq_natasha, uniq_terence

Action                   || total
-------------------------++-------
Melee: Long sword        ||    81
Throw: Stone             ||     6
  Use: Potion            ||     1
Armor: Scale mail        ||    51
Dodge: Dodged            ||    49
Block: Buckler           ||    31
